 Dungeon Crawl Stone Soup version 0.22-a0-292-g0df9d5f (webtiles) character file.

67 vishdafish the Shield-Bearer (level 4, -2/29 HPs)
             Began as a Gargoyle Fighter on Mar 23, 2018.
             Slain by Sigmund
             ... wielding a +0 scythe
              (7 damage)
             ... on level 2 of the Dungeon.
             The game lasted 00:03:22 (1464 turns).

vishdafish the Shield-Bearer (Gargoyle Fighter)     Turns: 1464, Time: 00:03:23

Health: -2/29      AC: 10    Str: 24    XL:     4   Next: 16%
Magic:  4/4        EV: 11    Int: 10    God:
Gold:   62         SH:  9    Dex:  9    Spells: 3/3 levels left

rFire    . . .     SeeInvis .   a - +0 trident
rCold    . . .     Gourm    .   c - +0 shield
rNeg     + . .     Faith    .   b - +0 scale mail
rPois    ∞         Spirit   .   (no helmet)
rElec    +         Reflect  .   (no cloak)
rCorr    .         Harm     .   (no gloves)
MR       .....                  (no boots)
Stlth    ..........             (no amulet)
HPRegen  0.09/turn              k - +4 ring of evasion
MPRegen  0.09/turn              (no ring)

@: mighty
A: negative energy resistance 1, electricity resistance, unbreathing,
petrification resistance, rot immunity, AC +3
a: no special abilities


You were on level 2 of the Dungeon.
You were very hungry.

You visited 1 branch of the dungeon, and saw 2 of its levels.

You collected 62 gold pieces.

Inventory:

Hand Weapons
 a - a +0 trident (weapon)
 n - a +0 hunting sling
Missiles
 l - 12 sling bullets
Armour
 b - a +0 scale mail (worn)
 c - a +0 shield (worn)
Jewellery
 k - a +4 ring of evasion (left hand)
Scrolls
 e - a scroll of amnesia {unknown}
 g - a scroll of teleportation {unknown}
 h - 3 scrolls of identify {unknown}
 m - a scroll of enchant weapon {unknown}
 o - a scroll of remove curse {unknown}
Potions
 j - a potion of agility {unknown}
Comestibles
 f - 4 rations


   Skills:
 + Level 3.7 Fighting
 + Level 2.3 Polearms
 + Level 3.7 Armour
 + Level 0.2 Dodging
 + Level 1.4 Stealth
 + Level 4.0 Shields


You had 3 spell levels left.
You didn't know any spells.

Dungeon Overview and Level Annotations

Branches:
Dungeon (2/15)

Altars:

Annotations:
D:2 Sigmund


Innate Abilities, Weirdness & Mutations

You are resistant to torment.
Your stone body is resilient. (AC +3)
You are immune to poison.
You resist negative energy. (rN+)
You are resistant to electric shocks. (rElec)
You can survive without breathing.
You are immune to petrification.
You are immune to rotting.


Message History

A puff of flame appears from out of thin air!
The puff of flame hits you!
You miss something.
You hear some strange, mumbled words.
A magic dart appears from out of thin air!
The magic dart hits you!
You closely miss something.
You hear some strange, mumbled words.
You are confused.
You hear some strange, mumbled words.
A magic dart appears from out of thin air!
The magic dart hits you!
You bump into the rock wall.
Something hits you but does no damage.
You bump into the rock wall.
You bump into the rock wall.
Something hits you but does no damage. Something hits you.
* * * LOW HITPOINT WARNING * * *
You feel less confused.
You closely miss something. Something hits you!
You die...

#.#######...†##.......####.#
#.# #....##.......# #..
#.#######....###############
#>..........................
#######.####.###############
#...........# #.##.....#.##
#.##.....#.# #...#
#.##...@{#.# #.#.#
#.##.....#.# #.#.#
#......#.#.# #.#.####
########.#.######.......
####......#.#....#.......
#....###..#.#.##.#.......
#.#### #..#.#..#.{...(...
#.######..#.##(#####...##
#.........#.#..#.#.....#


There were no monsters in sight!

Vanquished Creatures
  2 adders (D:2)
  2 worms (D:2)
  3 dart slugs (D:1)
  4 leopard geckos
  A giant cockroach (D:1)
  8 hobgoblins
  A quokka (D:2)
  2 ball pythons (D:1)
  3 bats
  2 frilled lizards (D:1)
  A kobold (D:1)
  3 rats
32 creatures vanquished.

Notes
Turn   | Place    | Note
-------+----------+-------------------------------------------
     0 | D:1      | vishdafish the Gargoyle Fighter began the quest for the Orb.
     0 | D:1      | Reached XP level 1. HP: 14/14 MP: 1/1
   134 | D:1      | Reached XP level 2. HP: 11/19 MP: 2/2
   655 | D:1      | Reached XP level 3. HP: 22/23 MP: 3/3
   988 | D:2      | Reached skill level 1 in Stealth
  1006 | D:2      | Reached XP level 4. HP: 19/29 MP: 4/4
  1197 | D:2      | Reached skill level 4 in Shields
  1278 | D:2      | Noticed Sigmund
  1453 | D:2      | HP: 1/29 [something/puff of flame (6)]
  1464 | D:2      | Slain by Sigmund

Vault maps used:
D:1:      lightli_arrival_lavapool, minmay_curled_crystal, minmay_cut_off
D:2:      uniq_sigmund

Skill      XL: |  1  2  3  4 |
---------------+-------------+-----
Polearms       | 2 |  2.3
Stealth        | 1 |  1.4
Shields        | 4 |  4.0
Fighting       | |  3.7
Armour         | |  3.7
Dodging        | |  0.2

Action                   |  1- 3 |  4- 6 || total
-------------------------+-------+-------++-------
Melee: Trident           |   144 |    47 ||   191
  Use: Potion            |       |     2 ||     2
  Eat: Chunk             |       |     1 ||     1
Armor: Scale mail        |    66 |    18 ||    84
Dodge: Dodged            |    52 |    12 ||    64
Block: Shield            |    87 |    20 ||   107

Table legend:
 A = Spawn XP
 B = Non-spawn XP
 C = Spawn XP percentage of total XP
 D = Spawn monster count
 E = Non-spawn monster count
 F = Spawn count percentage of total count
 G = Total turns spent on level
                    A         B        C        D         E        F      G
               +---------+---------+-------+---------+---------+-------+---------
         Total |       0 |      96 |   0.0 |       0 |      32 |   0.0 |  1464
               +---------+---------+-------+---------+---------+-------+---------
           D:1 |       0 |      39 |   0.0 |       0 |      18 |   0.0 |   983
           D:2 |       0 |      57 |   0.0 |       0 |      14 |   0.0 |   481
               +---------+---------+-------+---------+---------+-------+---------
